[Event "AUT-ch U14 Boys 2022"]
[Site "Sankt Veit an der Glan"]
[Date "2022.04.11"]
[Round "3"]
[White "Wimmer, Michael"]
[Black "Nguyen, Le Minh Phu"]
[Result "1-0"]
[ECO "B55"]
[WhiteElo "1753"]
[BlackElo "2080"]
[Annotator "NA RC"]
[PlyCount "101"]
[EventDate "2022.04.11"]
[EventType "swiss"]
[EventCountry "AUT"]
[SourceTitle "playchess.com"]
[Source "ChessBase"]
[SourceQuality "1"]
[TimeControl "5400+30"]

1. e4 c5 2. Nf3 d6 3. d4 cxd4 4. Nxd4 e5 5. Nb3 Nf6 6. f3 d5 7. Bg5 d4 8. c3 Nc6 9. Bb5 Be6 10. cxd4 Bxb3 11. Qxb3 Qxd4 12. Be3 Bb4+ 13. Kf2 Nxe4+ 14. fxe4 Qxe4 15. Bd3 Qh4+ 16. g3 Qg4 17. a3 Nd4 18. Qa4+ Kd8 19. Qd1 Qxd1 20. Rxd1 Bc5 21. Nc3 a6 22. Ne2 Ke7 23. b4 Ba7 24. Be4 Nc6 25. Bxa7 Rxa7 26. Rac1 Rc8 27. Rc5 f6 28. Nc3 Ke6 29. Na4 g6 30. Nb6 Rc7 31. a4 f5 32. Bd5+ Ke7 33. Rc3 Kf6 34. b5 axb5 35. axb5 Kg5 36. bxc6 bxc6 37. h4+ Kh5 38. Bxc6 Ra2+ 39. Ke3 e4 40. Nd5 Rca7 41. Nf6+ Kh6 42. Rd7 Rxd7 43. Nxd7 Rg2 44. Kf4 Rf2+ 45. Ke5 g5 46. Nf6 gxh4 47. Bxe4 Kg5 48. gxh4+ Kxh4 49. Bxf5 Rh2 50. Rf3 h5 51. Ne4 1-0

[Event "AUT-ch U14 Boys 2022"]
[Site "Sankt Veit an der Glan"]
[Date "2022.04.11"]
[Round "3"]
[White "Gruenwald, Simon"]
[Black "Haselsberger, Armin"]
[Result "1/2-1/2"]
[ECO "B19"]
[WhiteElo "1584"]
[BlackElo "1541"]
[Annotator "NA RC"]
[PlyCount "85"]
[EventDate "2022.04.11"]
[EventType "swiss"]
[EventCountry "AUT"]
[SourceTitle "playchess.com"]
[Source "ChessBase"]
[SourceQuality "1"]
[TimeControl "5400+30"]

1. e4 c6 2. d4 d5 3. Nc3 dxe4 4. Nxe4 Bf5 5. Ng3 Bg6 6. Nf3 Nd7 7. h4 h6 8. h5 Bh7 9. Bd3 Bxd3 10. Qxd3 e6 11. Bd2 Ngf6 12. O-O-O Qc7 13. Ne4 Ng4 14. Qe2 Be7 15. Nh4 Ngf6 16. g4 Nxe4 17. Qxe4 c5 18. Bc3 Nf6 19. Qf3 Nd5 20. dxc5 Nxc3 21. Qxc3 O-O 22. Qg3 Qxg3 23. fxg3 Rfd8 24. Nf3 Bxc5 25. Nd2 Be3 26. c3 Rd5 27. Kc2 Rad8 28. Ne4 Kf8 29. Rxd5 Rxd5 30. Rd1 Rxd1 31. Kxd1 Ke7 32. Ke2 Bb6 33. g5 hxg5 34. Nxg5 Bc7 35. Kf3 f5 36. g4 a6 37. Nh3 Kf7 38. g5 e5 39. Ke3 Ke6 40. h6 gxh6 41. gxh6 Bd8 42. h7 Bf6 43. Kd3 1/2-1/2

[Event "AUT-ch U14 Boys 2022"]
[Site "Sankt Veit an der Glan"]
[Date "2022.04.11"]
[Round "3"]
[White "Gan-Erdene, Ganbat"]
[Black "Stadlbauer, Maximilian"]
[Result "1-0"]
[ECO "C25"]
[WhiteElo "1526"]
[BlackElo "1450"]
[Annotator "NA RC"]
[PlyCount "49"]
[EventDate "2022.04.11"]
[EventType "swiss"]
[EventCountry "AUT"]
[SourceTitle "playchess.com"]
[Source "ChessBase"]
[SourceQuality "1"]
[TimeControl "5400+30"]

1. e4 e5 2. Nc3 Bc5 3. Bc4 Nc6 4. Qg4 g6 5. Qf3 Nf6 6. Nge2 O-O 7. d3 Be7 8. Bh6 Re8 9. g4 Bf8 10. Bg5 Be7 11. Bxf6 Bxf6 12. g5 Bxg5 13. Bxf7+ Kh8 14. Bxe8 Qxe8 15. Qg3 Bh6 16. Nd5 Qd8 17. c3 d6 18. f4 Be6 19. O-O Bxd5 20. exd5 exf4 21. Nxf4 Ne7 22. Ne6 Qd7 23. c4 c6 24. Rf7 Re8 25. Qh3 1-0

[Event "AUT-ch U14 Boys 2022"]
[Site "Sankt Veit an der Glan"]
[Date "2022.04.11"]
[Round "3"]
[White "Roessler, Felix"]
[Black "Puschnig, Jason"]
[Result "1-0"]
[ECO "E12"]
[WhiteElo "1512"]
[BlackElo "1721"]
[Annotator "NA RC"]
[PlyCount "61"]
[EventDate "2022.04.11"]
[EventType "swiss"]
[EventCountry "AUT"]
[SourceTitle "playchess.com"]
[Source "ChessBase"]
[SourceQuality "1"]
[TimeControl "5400+30"]

1. d4 d5 2. c4 e6 3. Nc3 Nf6 4. Nf3 b6 5. Bg5 Be7 6. e3 Bb7 7. Rc1 Nbd7 8. cxd5 exd5 9. Bxf6 Nxf6 10. Ne5 Rc8 11. Qa4+ c6 12. Qxa7 Qc7 13. Nb5 Bb4+ 14. Kd1 Qe7 15. Nc3 Ba5 16. Ba6 Bxa6 17. Qxa6 O-O 18. a3 Ra8 19. Qd3 Bxc3 20. Qxc3 Ne4 21. Qc2 Qh4 22. Nd3 Rfc8 23. Qe2 c5 24. g3 Qf6 25. dxc5 bxc5 26. f3 c4 27. Nf4 Nd6 28. Nxd5 Qd8 29. Ke1 Qa5+ 30. Qd2 Nb5 31. Qxa5 1-0

[Event "AUT-ch U14 Boys 2022"]
[Site "Sankt Veit an der Glan"]
[Date "2022.04.11"]
[Round "3"]
[White "Maier, Tobias"]
[Black "Winkelbauer, Christian"]
[Result "1-0"]
[ECO "C02"]
[WhiteElo "1388"]
[BlackElo "1577"]
[Annotator "NA RC"]
[PlyCount "53"]
[EventDate "2022.04.11"]
[EventType "swiss"]
[EventCountry "AUT"]
[SourceTitle "playchess.com"]
[Source "ChessBase"]
[SourceQuality "1"]
[TimeControl "5400+30"]

1. e4 e6 2. d4 d5 3. e5 c5 4. c3 Nc6 5. Nf3 Bd7 6. Be2 Be7 7. O-O f6 8. Be3 cxd4 9. cxd4 Qc7 10. Nc3 fxe5 11. Nb5 Qb8 12. Nxe5 Nxe5 13. dxe5 a6 14. Nc3 Bf8 15. f4 Ne7 16. Bg4 g6 17. Rc1 Bh6 18. Bb6 Nc6 19. Na4 O-O 20. Bc5 Nxe5 21. Bxf8 Bxa4 22. Qxa4 Nxg4 23. Bxh6 Nxh6 24. Qd7 Qe8 25. Qxb7 Rb8 26. Qxa6 Rxb2 27. Rc8 1-0

[Event "AUT-ch U14 Boys 2022"]
[Site "Sankt Veit an der Glan"]
[Date "2022.04.11"]
[Round "3"]
[White "Feiertag, Jonas"]
[Black "Guba, Viktor"]
[Result "1-0"]
[ECO "E73"]
[WhiteElo "1289"]
[BlackElo "1598"]
[Annotator "NA RC"]
[PlyCount "53"]
[EventDate "2022.04.11"]
[EventType "swiss"]
[EventCountry "AUT"]
[SourceTitle "playchess.com"]
[Source "ChessBase"]
[SourceQuality "1"]
[TimeControl "5400+30"]

1. d4 Nf6 2. c4 g6 3. Nc3 Bg7 4. e4 O-O 5. Be2 d6 6. Be3 e5 7. d5 a5 8. g4 Nfd7 9. h4 Na6 10. h5 Ndc5 11. hxg6 fxg6 12. Nh3 Qf6 13. Qd2 Bd7 14. O-O-O Na4 15. Nxa4 Bxa4 16. Rdg1 c6 17. Ng5 h6 18. Ne6 Nb4 19. a3 cxd5 20. Nxf8 d4 21. Bxh6 d3 22. Bxg7 Qxg7 23. Ne6 Qf6 24. Bd1 Qxe6 25. axb4 axb4 26. Qxd3 b5 27. Qd5 1-0

[Event "AUT-ch U14 Boys 2022"]
[Site "Sankt Veit an der Glan"]
[Date "2022.04.11"]
[Round "3"]
[White "Kienboeck, Samuel"]
[Black "Standhartinger, Joachim"]
[Result "0-1"]
[ECO "C45"]
[WhiteElo "1068"]
[BlackElo "1729"]
[Annotator "NA RC"]
[PlyCount "51"]
[EventDate "2022.04.11"]
[EventType "swiss"]
[EventCountry "AUT"]
[SourceTitle "playchess.com"]
[Source "ChessBase"]
[SourceQuality "1"]
[TimeControl "5400+30"]

1. e4 e5 2. Nf3 Nc6 3. d4 exd4 4. Nxd4 Qh4 5. Nc3 Bb4 6. Ndb5 Qxe4+ 7. Qe2 Qxe2+ 8. Bxe2 Ba5 9. Bd2 Nge7 10. O-O-O a6 11. Na3 b5 12. Nd5 Bxd2+ 13. Rxd2 Nxd5 14. Rxd5 O-O 15. Bf3 Rb8 16. Kb1 d6 17. c3 Ne5 18. Be4 Bb7 19. Rd4 c5 20. Bxh7+ Kxh7 21. Rh4+ Kg8 22. f3 Rbe8 23. Rd1 d5 24. Nc2 Ng6 25. Rg4 Re2 26. Rf1 0-1

[Event "AUT-ch U14 Boys 2022"]
[Site "Sankt Veit an der Glan"]
[Date "2022.04.12"]
[Round "4.1"]
[White "Geroe, Leonhard"]
[Black "Wimmer, Michael"]
[Result "1/2-1/2"]
[ECO "C54"]
[WhiteElo "1935"]
[BlackElo "1753"]
[Annotator "RC"]
[PlyCount "73"]
[EventDate "2022.04.11"]
[EventType "swiss"]
[EventCountry "AUT"]
[SourceTitle "playchess.com"]
[Source "ChessBase"]
[SourceQuality "1"]
[TimeControl "5400+30"]

1. e4 e5 2. Nf3 Nc6 3. Bc4 Bc5 4. c3 Nf6 5. d4 exd4 6. e5 d5 7. Bb5 Ne4 8. cxd4 Bb4+ 9. Bd2 Nxd2 10. Nbxd2 O-O 11. Bxc6 bxc6 12. O-O c5 13. a3 Bxd2 14. Qxd2 c4 15. b3 cxb3 16. Rfb1 Rb8 17. Qc3 Ba6 18. Rxb3 Rb6 19. Rc1 Qb8 20. Nd2 Rc8 21. Rcb1 Qb7 22. a4 Qc6 23. Qxc6 Rxc6 24. f4 Kf8 25. Kf2 Ke7 26. Ke3 Rc2 27. R1b2 Rc1 28. Rb1 Rc2 29. R1b2 Rc1 30. Rb8 Rxb8 31. Rxb8 Rc3+ 32. Kf2 Rc2 33. Ke3 Rc3+ 34. Kf2 Rc2 35. Ke1 Rc1+ 36. Kf2 Rc2 37. Rb3 1/2-1/2

[Event "AUT-ch U14 Boys 2022"]
[Site "Sankt Veit an der Glan"]
[Date "2022.04.12"]
[Round "4.2"]
[White "Nguyen, Le Minh Phu"]
[Black "Leitgeb, Julian"]
[Result "1-0"]
[ECO "E04"]
[WhiteElo "2080"]
[BlackElo "2004"]
[Annotator "RC"]
[PlyCount "79"]
[EventDate "2022.04.11"]
[EventType "swiss"]
[EventCountry "AUT"]
[SourceTitle "playchess.com"]
[Source "ChessBase"]
[SourceQuality "1"]
[TimeControl "5400+30"]

1. g3 Nf6 2. Bg2 d5 3. c4 e6 4. d4 dxc4 5. Nf3 a6 6. O-O Nc6 7. Bg5 Be7 8. e3 Bd7 9. Nc3 Rb8 10. Ne5 Nxe5 11. dxe5 Nd5 12. Bxe7 Qxe7 13. Nxd5 exd5 14. Qxd5 O-O 15. Rfd1 Rfd8 16. Qxc4 Be6 17. Rxd8+ Rxd8 18. Qc3 c6 19. a4 Bd5 20. Rd1 Bxg2 21. Rxd8+ Qxd8 22. Kxg2 Qd5+ 23. f3 Qd1 24. Qd4 Qe2+ 25. Kh3 h5 26. Qf4 Qxb2 27. Qf5 Qb3 28. a5 c5 29. Qc8+ Kh7 30. Qxc5 g6 31. Qe7 Kh6 32. Kh4 Qc4+ 33. f4 Qd5 34. e4 Qb3 35. Qf8+ Kh7 36. Kg5 Qc4 37. Qe7 Kg7 38. Qf6+ Kh7 39. e6 Qc5+ 40. e5 1-0

[Event "AUT-ch U14 Boys 2022"]
[Site "Sankt Veit an der Glan"]
[Date "2022.04.12"]
[Round "4.3"]
[White "Ernst, Robert"]
[Black "Maier, Tobias"]
[Result "1-0"]
[ECO "E81"]
[WhiteElo "1792"]
[BlackElo "1388"]
[Annotator "NA RC"]
[PlyCount "75"]
[EventDate "2022.04.11"]
[EventType "swiss"]
[EventCountry "AUT"]
[SourceTitle "playchess.com"]
[Source "ChessBase"]
[SourceQuality "1"]
[TimeControl "5400+30"]

1. d4 Nf6 2. c4 g6 3. Nc3 Bg7 4. e4 d6 5. f3 O-O 6. Be3 Nbd7 7. Qd2 c5 8. d5 a6 9. Bd3 Ne5 10. Rb1 Nxd3+ 11. Qxd3 Ne8 12. Nge2 f5 13. O-O fxe4 14. fxe4 Nf6 15. e5 dxe5 16. Ng3 b6 17. b4 e4 18. Ncxe4 Nxe4 19. Rxf8+ Qxf8 20. Qxe4 Bf5 21. Nxf5 Qxf5 22. Qxf5 gxf5 23. bxc5 bxc5 24. Rb6 Bd4 25. Kf2 Kf7 26. Bxd4 cxd4 27. Ke2 Rg8 28. g3 f4 29. Kd3 fxg3 30. hxg3 Rxg3+ 31. Kxd4 Ra3 32. Rb2 Ra5 33. c5 Rb5 34. Rxb5 axb5 35. c6 Ke8 36. Ke5 Kd8 37. Ke6 h5 38. c7+ 1-0

[Event "AUT-ch U14 Boys 2022"]
[Site "Sankt Veit an der Glan"]
[Date "2022.04.12"]
[Round "4.4"]
[White "Haselsberger, Armin"]
[Black "Feiertag, Jonas"]
[Result "1/2-1/2"]
[ECO "D30"]
[WhiteElo "1541"]
[BlackElo "1289"]
[Annotator "NA RC"]
[PlyCount "73"]
[EventDate "2022.04.11"]
[EventType "swiss"]
[EventCountry "AUT"]
[SourceTitle "playchess.com"]
[Source "ChessBase"]
[SourceQuality "1"]
[TimeControl "5400+30"]

1. d4 d5 2. c4 e6 3. Nf3 Nf6 4. g3 Nbd7 5. Bg2 b6 6. O-O Bb7 7. Nbd2 Be7 8. b3 O-O 9. Bb2 c5 10. e3 Rc8 11. Ne5 Ba6 12. Rc1 cxd4 13. exd4 Bb4 14. a3 Bxd2 15. Qxd2 Nxe5 16. dxe5 Nd7 17. Rfd1 Nc5 18. Qe3 Rc7 19. cxd5 exd5 20. Rxd5 Rd7 21. Rcd1 Rxd5 22. Bxd5 Qe7 23. Bd4 Ne6 24. Bb2 Rd8 25. Bf3 Nc5 26. Qc3 Rxd1+ 27. Bxd1 Bb7 28. Bf3 h6 29. Kg2 Ne4 30. Qd4 Ng5 31. Bd5 Qd7 32. Bxb7 Qxb7+ 33. Kf1 Qh1+ 34. Ke2 Qf3+ 35. Ke1 Qh1+ 36. Ke2 Qf3+ 37. Ke1 1/2-1/2

[Event "AUT-ch U14 Boys 2022"]
[Site "Sankt Veit an der Glan"]
[Date "2022.04.12"]
[Round "4.5"]
[White "Pavlov, Alexander"]
[Black "Radnaev, Nomin"]
[Result "1/2-1/2"]
[ECO "B44"]
[WhiteElo "1751"]
[BlackElo "1766"]
[Annotator "NA RC"]
[PlyCount "84"]
[EventDate "2022.04.11"]
[EventType "swiss"]
[EventCountry "AUT"]
[SourceTitle "playchess.com"]
[Source "ChessBase"]
[SourceQuality "1"]
[TimeControl "5400+30"]

1. e4 c5 2. Nf3 e6 3. d4 cxd4 4. Nxd4 Nc6 5. Be3 Qc7 6. a3 a6 7. Be2 Nf6 8. Nc3 b5 9. O-O Bb7 10. Kh1 Nxd4 11. Qxd4 Bd6 12. h3 Be5 13. Qd3 Bxc3 14. Qxc3 Qxc3 15. bxc3 Bxe4 16. a4 bxa4 17. Bd3 Bc6 18. Bc5 Nd5 19. Be4 Nxc3 20. Bxc6 dxc6 21. Bd4 Nb5 22. Bxg7 Rg8 23. Be5 Ke7 24. c4 Nd6 25. Rxa4 f6 26. Bf4 e5 27. Be3 Rgb8 28. Rfa1 h5 29. Rxa6 Rxa6 30. Rxa6 Nxc4 31. Rxc6 Nxe3 32. fxe3 Rb3 33. Rc7+ Ke6 34. Rh7 Rxe3 35. Rxh5 f5 36. Kg1 Re2 37. Rh8 e4 38. h4 e3 39. Re8+ Kf6 40. Kf1 Rf2+ 41. Kg1 f4 42. g3 Rf3 1/2-1/2

[Event "AUT-ch U14 Boys 2022"]
[Site "Sankt Veit an der Glan"]
[Date "2022.04.12"]
[Round "4.6"]
[White "Schwarz, Felix"]
[Black "Jetzl, Julian"]
[Result "0-1"]
[ECO "A05"]
[WhiteElo "1831"]
[BlackElo "1868"]
[Annotator "NA RC"]
[PlyCount "80"]
[EventDate "2022.04.11"]
[EventType "swiss"]
[EventCountry "AUT"]
[SourceTitle "playchess.com"]
[Source "ChessBase"]
[SourceQuality "1"]
[TimeControl "5400+30"]

1. Nf3 Nf6 2. e3 g6 3. c4 Bg7 4. d4 O-O 5. b3 c5 6. Bb2 cxd4 7. Nxd4 d5 8. Nf3 e6 (8... Bg4 $15) 9. Qc2 Nc6 10. Be2 Re8 11. O-O Qc7 (11... e5 $11) 12. Rd1 Qd6 13. Nc3 b6 14. Nb5 Qd7 15. Ne5 Nxe5 16. Bxe5 Rd8 17. Nc7 Ne4 18. Bxg7 Qxc7 19. Bb2 e5 20. Bf3 ({Better is} 20. f3 $18 Nf6 21. Qc3) 20... Bf5 21. g4 {[%emt 0:02:19] [#]} Ng5 $1 22. Qe2 Be4 23. Bxe4 dxe4 24. Rd5 $19 (24. Kf1 $17) 24... Nf3+ 25. Kg2 Rxd5 26. cxd5 Qd7 27. Qc4 Qxg4+ 28. Kh1 Qh3 29. Bxe5 Nxe5 30. Qxe4 Ng4 31. Qf4 Qh4 32. Kg2 g5 33. Qf3 Qxh2+ 34. Kf1 Qe5 35. Qd1 Qf6 36. Ke2 Qxf2+ 37. Kd3 Qxe3+ 38. Kc2 Rc8+ 39. Kb2 Qc3+ 40. Ka3 Ne3 0-1

[Event "AUT-ch U14 Boys 2022"]
[Site "Sankt Veit an der Glan"]
[Date "2022.04.12"]
[Round "4.7"]
[White "Standhartinger, Joachim"]
[Black "Wohlgenannt, Nicolas"]
[Result "1-0"]
[ECO "B10"]
[WhiteElo "1729"]
[BlackElo "1692"]
[Annotator "NA RC"]
[PlyCount "119"]
[EventDate "2022.04.11"]
[EventType "swiss"]
[EventCountry "AUT"]
[SourceTitle "playchess.com"]
[Source "ChessBase"]
[SourceQuality "1"]
[TimeControl "5400+30"]

1. e4 c6 2. c4 d5 3. cxd5 cxd5 4. exd5 Qxd5 5. Nc3 Qa5 6. Nf3 Nf6 7. d4 Bg4 8. Bd2 Qb6 9. Rc1 Nc6 10. Be3 Qa5 11. Qb3 Bxf3 12. gxf3 Qb4 13. Qxb4 Nxb4 14. Bb5+ Kd8 15. Ke2 e6 16. Na4 Bd6 17. Nc5 b6 18. Nb7+ Ke7 19. Nxd6 Kxd6 20. Bf4+ Ke7 21. Rc7+ Kd8 22. Rxf7 Nbd5 23. Bg5 a6 24. Bc6 Rc8 25. Rc1 Ne7 26. Bb7 Rxc1 27. Bxc1 Nf5 28. Bg5 Nxd4+ 29. Kd3 Nf5 30. Rxf6 gxf6 31. Bxf6+ Kc7 32. Bxh8 Kxb7 33. Ke4 Kc6 34. Ke5 Kd7 35. Kf6 Kd6 36. Kf7 e5 37. Kg8 h5 38. Kf7 Nh4 39. Kf6 Nxf3 40. Kf5 Kd5 41. h3 Kd4 42. Kg6 h4 43. Kf5 Kd3 44. Bxe5 Ke2 45. Bc7 Kxf2 46. Bxb6+ Kg3 47. a4 Nd2 48. b4 Nc4 49. Bc7+ Kxh3 50. Kg5 Nb2 51. a5 Nc4 52. b5 Nxa5 53. bxa6 Nc6 54. Kf6 Kg4 55. Ke6 Na7 56. Kd5 h3 57. Kc5 Kf5 58. Kb6 Ke6 59. Kxa7 Kd7 60. Kb7 1-0

[Event "AUT-ch U14 Boys 2022"]
[Site "Sankt Veit an der Glan"]
[Date "2022.04.12"]
[Round "4.9"]
[White "Winkelbauer, Christian"]
[Black "Gan-Erdene, Ganbat"]
[Result "1-0"]
[ECO "A13"]
[WhiteElo "1577"]
[BlackElo "1526"]
[Annotator "NA RC"]
[PlyCount "98"]
[EventDate "2022.04.11"]
[EventType "swiss"]
[EventCountry "AUT"]
[SourceTitle "playchess.com"]
[Source "ChessBase"]
[SourceQuality "1"]
[TimeControl "5400+30"]

1. c4 e6 2. Nc3 d5 3. cxd5 exd5 4. g3 Nf6 5. Bg2 Be7 6. Nf3 O-O 7. d3 c6 8. e3 Bf5 9. O-O Nbd7 10. d4 h6 11. a3 a5 12. Na2 Qb6 13. Nc3 Ra6 14. b3 Qa7 15. Re1 b5 16. Bf1 Rb6 17. Bb2 Rfb8 18. h3 Bh7 19. Ne2 Ne4 20. Nd2 Ndf6 21. Nxe4 Bxe4 22. Nf4 Qc7 23. Rc1 g5 24. Nd3 Bd6 25. f4 Kh8 26. Nc5 Rg8 27. Kh2 gxf4 28. exf4 Bxf4 29. Nxe4 Nxe4 30. Rxe4 Bxg3+ 31. Kh1 dxe4 32. d5+ Kh7 33. Qd4 Bh4 34. Qxe4+ Rg6 35. Qe8 Rb8 36. Rxc6 Rxe8 37. Rxc7 Kg8 38. Bc3 Bf2 39. Bxb5 Rd8 40. Rb7 Bh4 41. Bc4 Bf6 42. Bxa5 Rf8 43. Bb4 Rd8 44. d6 Bd4 45. Bxf7+ Kg7 46. Bxg6+ Kxg6 47. d7 Kf7 48. Ba5 Bf6 49. Bxd8 Bxd8 1-0

[Event "AUT-ch U14 Boys 2022"]
[Site "Sankt Veit an der Glan"]
[Date "2022.04.12"]
[Round "4.10"]
[White "Guba, Viktor"]
[Black "Beliavsky, Alexander G"]
[Result "1/2-1/2"]
[ECO "C55"]
[WhiteElo "1598"]
[BlackElo "2518"]
[Annotator "RC"]
[PlyCount "82"]
[EventDate "2022.04.11"]
[EventType "swiss"]
[EventCountry "AUT"]
[SourceTitle "playchess.com"]
[Source "ChessBase"]
[SourceQuality "1"]
[TimeControl "5400+30"]

1. e4 e5 2. Nf3 Nc6 3. d4 exd4 4. Bc4 Nf6 5. e5 d5 6. Bb5 Ne4 7. Nxd4 Bd7 8. Bxc6 bxc6 9. O-O Bc5 10. Be3 Qe7 11. f3 Nd6 12. Re1 Nc4 13. b3 Nxe3 14. Rxe3 O-O 15. c3 Bb6 16. b4 c5 17. bxc5 Bxc5 18. Nd2 Rfe8 19. N2b3 Bb6 20. Kh1 c5 21. Nc2 Rad8 22. Qe2 Ba4 23. Rd1 Bxb3 24. axb3 c4 25. Nd4 cxb3 26. Red3 Bxd4 27. cxd4 Rb8 28. Qb2 Qb4 29. Rb1 Rec8 30. h3 Qc4 31. Rxb3 Rxb3 32. Qxb3 Qxd4 33. Qb7 Re8 34. Qe7 Rf8 35. Rb7 Qe3 36. Rd7 Qc1+ 37. Kh2 Qf4+ 38. Kg1 Qe3+ 39. Kf1 Qd3+ 40. Kf2 Qc2+ 41. Kg3 Qg6+ 1/2-1/2

[Event "AUT-ch U14 Boys 2022"]
[Site "Sankt Veit an der Glan"]
[Date "2022.04.12"]
[Round "4.12"]
[White "McKenna, Jason P"]
[Black "Kienboeck, Samuel"]
[Result "1/2-1/2"]
[ECO "C55"]
[WhiteElo "2089"]
[BlackElo "1068"]
[Annotator "RC"]
[PlyCount "111"]
[EventDate "2022.04.11"]
[EventType "swiss"]
[EventCountry "AUT"]
[SourceTitle "playchess.com"]
[Source "ChessBase"]
[SourceQuality "1"]
[TimeControl "5400+30"]

1. e4 e5 2. Nf3 Nc6 3. Bc4 Nf6 4. d3 h6 5. b3 d5 6. Bxd5 Nxd5 7. exd5 Qxd5 8. Nc3 Bb4 9. Bd2 Qa5 10. Ne4 Bg4 11. c3 Bd6 12. O-O f5 13. Ng3 e4 14. dxe4 Bxg3 15. fxg3 fxe4 16. Qe2 O-O-O 17. Qxe4 Bxf3 18. Rxf3 Rxd2 19. Qg4+ Kb8 20. Qxg7 Rhd8 21. Raf1 Qxa2 22. R3f2 Rxf2 23. Rxf2 Rd1+ 24. Rf1 Rxf1+ 25. Kxf1 Qb1+ 26. Kf2 Qc2+ 27. Kf1 Kc8 28. Qg4+ Kd8 29. Qh4+ Kd7 30. Qg4+ Kd6 31. Qf4+ Ke6 32. Qxh6+ Ke5 33. Qf4+ Ke6 34. Qh6+ Kd7 35. Qh3+ Ke7 36. Qh4+ Kf7 37. Qf4+ Kg7 38. Qxc7+ Kf6 39. Qd6+ Kf7 40. Qf4+ Ke6 41. Qh6+ Kd7 42. Qg7+ Kd6 43. Qf6+ Kc7 44. Qf4+ Kb6 45. Qe3+ Ka6 46. Qe2+ Qxe2+ 47. Kxe2 Ne5 48. h4 Kb5 49. h5 Kc6 50. h6 Kd5 51. h7 Ng6 52. Ke3 Ke5 53. g4 b5 54. b4 Kd5 55. Kd3 a6 56. g5 1/2-1/2

[Event "AUT-ch U14 Boys 2022"]
[Site "Sankt Veit an der Glan"]
[Date "2022.04.12"]
[Round "5.1"]
[White "Wimmer, Michael"]
[Black "Ernst, Robert"]
[Result "0-1"]
[ECO "B47"]
[WhiteElo "1753"]
[BlackElo "1792"]
[Annotator "NA RC"]
[PlyCount "90"]
[EventDate "2022.04.11"]
[EventType "swiss"]
[EventCountry "AUT"]
[SourceTitle "playchess.com"]
[Source "ChessBase"]
[SourceQuality "1"]
[TimeControl "5400+30"]

1. e4 c5 2. Nf3 e6 3. d4 cxd4 4. Nxd4 Nc6 5. Nc3 Qc7 6. a3 a6 7. Be3 Nf6 8. f4 d6 9. Be2 Be7 10. O-O O-O 11. Kh1 Nxd4 12. Bxd4 e5 13. Be3 Be6 14. f5 Bd7 15. g4 Bc6 16. Bf3 h6 17. h4 Nh7 18. Qe1 b5 19. Qg3 Qd8 20. g5 hxg5 21. hxg5 Bxg5 22. Rg1 f6 23. Rg2 Kf7 24. Bh5+ Ke7 25. Rh2 Rh8 26. Rd1 Qc8 27. Kg2 Qxf5 28. Bg4 Bxe4+ 29. Nxe4 Qxe4+ 30. Qf3 Qxf3+ 31. Bxf3 Rac8 32. Be4 Bxe3 33. Rxh7 Rxh7 34. Bxh7 Bf4 35. Bf5 Rh8 36. Bh3 g6 37. c3 f5 38. Rd3 Bc1 39. c4 bxc4 40. Rc3 Bxb2 41. Rxc4 Bxa3 42. Ra4 Bc5 43. Rxa6 Kf6 44. Kg3 g5 45. Bf1 Rh1 0-1

[Event "AUT-ch U14 Boys 2022"]
[Site "Sankt Veit an der Glan"]
[Date "2022.04.12"]
[Round "5.2"]
[White "Nguyen, Le Minh Phu"]
[Black "Geroe, Leonhard"]
[Result "1-0"]
[ECO "D31"]
[WhiteElo "2080"]
[BlackElo "1935"]
[Annotator "TA"]
[PlyCount "77"]
[EventDate "2022.04.11"]
[EventType "swiss"]
[EventCountry "AUT"]
[SourceTitle "playchess.com"]
[Source "ChessBase"]
[SourceQuality "1"]
[TimeControl "5400+30"]

1. d4 d5 2. c4 c6 3. Nc3 e6 4. Bf4 Nf6 5. e3 Nbd7 6. Nf3 Be7 7. Bd3 dxc4 8. Bxc4 b5 {[%emt 0:00:09] D37: Queen's Gambit Declined: 5 Bf4.} 9. Bd3 Bb7 10. O-O a6 {[%emt 0:01:56] The position is equal.} 11. a4 b4 12. Ne4 Nxe4 13. Bxe4 Nf6 {[%emt 0:01:02] [#]} 14. Qc2 $146 (14. Nd2 $14) ({Predecessor:} 14. Bd3 O-O 15. Rc1 Rc8 16. Qe2 a5 17. Rfd1 Nd5 18. Bg3 c5 19. dxc5 Bxc5 20. Bc4 {½-½ (54) Linart,L (1742)-Dogan,A (1704) LSS email 2016}) 14... Nxe4 $11 15. Qxe4 Qb6 (15... Rc8 $11 {remains equal.}) 16. Rac1 Qa7 ({Black should try} 16... O-O $14) 17. Qe5 $16 O-O 18. Bg5 Bd8 19. Rc4 {[%emt 0:04:40] 0x0.00299f40aea5dp-1022s more active pieces. The black rooks are badly placed.} (19. Bxd8 $142 Rfxd8 20. Qa5) 19... a5 20. Rfc1 Rc8 (20... Qb6 $16 21. Qe4 c5 22. dxc5 Qc6 23. Qxc6 Bxc6) 21. Bxd8 $18 Rfxd8 22. Qc5 {[%emt 0:00:06] Inhibits Qb6.} Qa8 (22... Qxc5 $16 23. Rxc5 Ra8) 23. Qb6 c5 24. Rxc5 Bxf3 25. gxf3 {[%emt 0:00:08] Rxc8 is the strong threat.} Rb8 26. Qc6 (26. Qxa5 Qxf3 27. Qc7 g6 $16) 26... Qxc6 27. Rxc6 {[%emt 0:00:08][%mdl 4096] Endgame KRR-KRR} Rd5 28. Ra6 ({Much less strong is} 28. Rc8+ $6 Rd8 29. R8c7 g6 $18) 28... Rbd8 29. Kg2 g5 30. Rc7 e5 31. dxe5 Rxe5 32. Rf6 Rd2 $2 {[%emt 0:01:16] [#]} (32... Rf8 33. Ra7 Rc5) 33. Rfxf7 {[%emt 0:00:10] White is clearly winning.} Rxb2 (33... Rxe3 $142 34. Rg7+ (34. Rxh7 Ree2 $18) 34... Kh8 35. Rxh7+ Kg8 36. Rcg7+ Kf8) 34. Rg7+ Kf8 35. Rxh7 (35. Rcf7+ $142 Ke8 36. Rxh7) 35... Kg8 36. Rhd7 {[%emt 0:00:05] [#] White threatens Rc8+ and mate.} Re8 {[%emt 0:00:36] Inhibits Rc8.} 37. Rd5 b3 38. Rb7 Kh8 39. Rxa5 {[%emt 0:00:16] Weighted Error Value: White=0.28 (precise) /Black=0.46} 1-0

[Event "AUT-ch U14 Boys 2022"]
[Site "Sankt Veit an der Glan"]
[Date "2022.04.12"]
[Round "5.3"]
[White "Leitgeb, Julian"]
[Black "Haselsberger, Armin"]
[Result "1/2-1/2"]
[ECO "B12"]
[WhiteElo "2004"]
[BlackElo "1541"]
[Annotator "RC"]
[PlyCount "72"]
[EventDate "2022.04.11"]
[EventType "swiss"]
[EventCountry "AUT"]
[SourceTitle "playchess.com"]
[Source "ChessBase"]
[SourceQuality "1"]
[TimeControl "5400+30"]

1. e4 c6 2. d4 d5 3. e5 Bf5 4. h4 h5 5. Bd3 Bxd3 6. Qxd3 Qa5+ 7. Nd2 e6 8. Ngf3 Nh6 9. O-O Nf5 10. Nb3 Qa6 11. Qd1 Be7 12. g3 Nd7 13. Bg5 Bxg5 14. Nxg5 Rc8 15. c3 g6 16. Kg2 Ke7 17. Qd2 b6 18. Nf3 Rcg8 19. Qg5+ Ke8 20. a4 c5 21. a5 c4 22. axb6 Qxb6 23. Nbd2 Kf8 24. Ra2 Kg7 25. Rfa1 Ra8 26. Nf1 Rhe8 27. Ne3 Nxe3+ 28. fxe3 a5 29. Nd2 Qb7 30. Rf1 a4 31. Qf4 Rf8 32. Qg5 Qc8 33. Qe7 Qd8 34. Qd6 Ra7 35. Rfa1 Qb6 36. Qxb6 Nxb6 1/2-1/2